GCL
TAMPA BAY (GCL) RAYS @ HOUSTON (GCL) ASTROS
08/26/2099
 
TOP OF THE 1ST
Tampa Bay (GCL) Rays batting - Pitching for Houston (GCL) Astros : RHP Cory Monroe
Pitching: RHP Cory Monroe
Batting: LHB David Lowe 0-0: Ball
1-0: Ball
2-0: Foul Ball, location: 3DF
2-1: Ball
3-1: SINGLE (Groundball, 4M, EV 108.1 MPH) (infield hit)
Batting: RHB Kyle Shannon 0-0: Called Strike
0-1: Swinging Strike
0-2: Strikes out swinging
Batting: RHB Joe Slayback 0-0: Ball
1-0: Ball
2-0: SINGLE (Line Drive, 7LS, EV 103.8 MPH)
David Lowe to second
Batting: RHB Manny Ortiz 0-0: Called Strike
0-1: Ball
1-1: Fly out, F8 (Flyball, 8LS, EV 87.5 MPH)
Batting: LHB Juan Huerta 0-0: Called Strike
0-1: Ball
1-1: Fly out, F8 (Flyball, 8LD, EV 111.9 MPH)
Top of the 1st over - 0 runs, 2 hits, 0 errors, 2 left on base; Tampa Bay (GCL) 0 - Houston (GCL) 0
BOTTOM OF THE 1ST
Houston (GCL) Astros batting - Pitching for Tampa Bay (GCL) Rays : LHP Maurice Jones
Pitching: LHP Maurice Jones
Batting: RHB Casey Payton 0-0: Ball
1-0: Called Strike
1-1: Swinging Strike
1-2: Ground out 4-3 (Groundball, 4, EV 102.5 MPH)
Batting: RHB Alvin Wolff 0-0: Called Strike
0-1: Ball
1-1: Foul Ball, location: 2F
1-2: Foul Ball, location: 2F
1-2: Ball
2-2: Fly out, F5 (Popup, 5, EV 64.4 MPH)
Batting: LHB Caleb Crowley 0-0: Fly out, F9 (Line Drive, 9D, EV 90.0 MPH)
Bottom of the 1st over - 0 runs, 0 hits, 0 errors, 0 left on base; Tampa Bay (GCL) 0 - Houston (GCL) 0
TOP OF THE 2ND
Tampa Bay (GCL) Rays batting - Pitching for Houston (GCL) Astros : RHP Cory Monroe
Batting: RHB Mike McBride 0-0: Ball
1-0: Ground out U3 (Groundball, 13, EV 84.4 MPH)
Batting: RHB Josh Kroeger 0-0: Reached on error, E5 (Groundball, 25, EV 87.5 MPH)
Batting: LHB Alfredo Cantavalle 0-0: Fly out, F8 (Line Drive, 8LM, EV 100.0 MPH)
Batting: LHB Jim Unknown 0-0: Foul Ball, location: 7LDF
0-1: Called Strike
0-2: Strikes out looking
Top of the 2nd over - 0 runs, 0 hits, 1 error, 1 left on base; Tampa Bay (GCL) 0 - Houston (GCL) 0
BOTTOM OF THE 2ND
Houston (GCL) Astros batting - Pitching for Tampa Bay (GCL) Rays : LHP Maurice Jones
Batting: RHB Jeff Lawther 0-0: Ball
1-0: Fly out, F9 (Flyball, 9LM, EV 91.9 MPH)
Batting: RHB Jeremiah Watson 0-0: Ball
1-0: Ball
2-0: Called Strike
2-1: Ball
3-1: Foul Ball, location: 2F
3-2: Base on Balls
Pitching: RHP Karsten van Luttikhuizen
Batting: SHB Elijah Campbell 0-0: Ball
1-0: 2-RUN HOME RUN (Flyball, 9LD, EV 95.6 MPH), Distance : 351 ft
Batting: RHB Noe Cosme 0-0: Ball
1-0: Fly out, F8 (Flyball, 89M, EV 93.8 MPH)
Batting: RHB Doug Fitzsimons 0-0: Called Strike
0-1: Foul Ball, location: 2F
0-2: Ball
1-2: Foul Ball, location: 5FF
1-2: Foul Ball, location: 2RF
1-2: Fly out, F9 (Line Drive, 89M, EV 100.0 MPH)
Bottom of the 2nd over - 2 runs, 1 hit, 0 errors, 0 left on base; Tampa Bay (GCL) 0 - Houston (GCL) 2
TOP OF THE 3RD
Tampa Bay (GCL) Rays batting - Pitching for Houston (GCL) Astros : RHP Cory Monroe
Batting: LHB David Lowe 0-0: Ground out 6-3 (Groundball, 6, EV 82.5 MPH)
Batting: RHB Kyle Shannon 0-0: Swinging Strike
0-1: Swinging Strike
0-2: Ball
1-2: Ball
2-2: Foul Ball, location: 2F
2-2: Strikes out swinging
Batting: RHB Joe Slayback 0-0: Called Strike
0-1: Called Strike
0-2: Ball
1-2: Strikes out looking
Top of the 3rd over - 0 runs, 0 hits, 0 errors, 0 left on base; Tampa Bay (GCL) 0 - Houston (GCL) 2
BOTTOM OF THE 3RD
Houston (GCL) Astros batting - Pitching for Tampa Bay (GCL) Rays : RHP Karsten van Luttikhuizen
Batting: RHB Alex Castillo 0-0: Ground out 6-3 (Groundball, 6, EV 84.4 MPH)
Batting: RHB Casey Payton 0-0: Ball
1-0: Ball
2-0: Ball
3-0: Called Strike
3-1: Swinging Strike
3-2: Strikes out looking
Batting: RHB Alvin Wolff 0-0: Called Strike
0-1: Fly out, F8 (Flyball, 8RM, EV 89.4 MPH)
Bottom of the 3rd over - 0 runs, 0 hits, 0 errors, 0 left on base; Tampa Bay (GCL) 0 - Houston (GCL) 2
TOP OF THE 4TH
Tampa Bay (GCL) Rays batting - Pitching for Houston (GCL) Astros : RHP Cory Monroe
Batting: RHB Manny Ortiz 0-0: Called Strike
0-1: Ball
1-1: Swinging Strike
1-2: Ball
2-2: Foul Ball, location: 9LSF
2-2: Strikes out looking
Batting: LHB Juan Huerta 0-0: Swinging Strike
0-1: Ball
1-1: SINGLE (Flyball, 8LS, EV 100.0 MPH)
Batting: RHB Mike McBride 0-0: Ball
1-0: Ball
2-0: Called Strike
2-1: Foul Ball, location: 5F
2-2: Ball
3-2: Foul Ball, location: 2F
3-2: Reached on error, E3 (Groundball, 3, EV 82.5 MPH)
Juan Huerta to second
Batting: RHB Josh Kroeger 0-0: Swinging Strike
0-1: Ball
1-1: Called Strike
1-2: Ball
2-2: Strikes out swinging
Batting: LHB Alfredo Cantavalle 0-0: Called Strike
0-1: Ground out 3-1 (Groundball, 34, EV 100.0 MPH)
Top of the 4th over - 0 runs, 1 hit, 1 error, 2 left on base; Tampa Bay (GCL) 0 - Houston (GCL) 2
BOTTOM OF THE 4TH
Houston (GCL) Astros batting - Pitching for Tampa Bay (GCL) Rays : RHP Karsten van Luttikhuizen
Batting: LHB Caleb Crowley 0-0: TRIPLE (Flyball, 89XD, EV 96.3 MPH)
Batting: RHB Jeff Lawther 0-0: Called Strike
0-1: Ball
1-1: Ball
2-1: SINGLE (Groundball, 34D, EV 98.1 MPH)
Caleb Crowley scores
Batting: RHB Jeremiah Watson 0-0: Called Strike
0-1: Ball
1-1: Ball
2-1: Called Strike
2-2: Foul Ball, location: 2F
2-2: Foul Ball, location: 9LSF
2-2: Ball
3-2: Strikes out swinging
Batting: SHB Elijah Campbell 0-0: Ball
1-0: Foul Ball, location: 2F
1-1: Fly out, F2 (Popup, 5SF, EV 80.0 MPH)
Batting: RHB Noe Cosme 0-0: Called Strike
0-1: Ball
1-1: Ball
2-1: SINGLE (Line Drive, 6D, EV 103.8 MPH)
Jeff Lawther to second
Batting: RHB Doug Fitzsimons 0-0: Ground out 4-3 (Groundball, 4, EV 84.4 MPH)
Bottom of the 4th over - 1 run, 3 hits, 0 errors, 2 left on base; Tampa Bay (GCL) 0 - Houston (GCL) 3
TOP OF THE 5TH
Tampa Bay (GCL) Rays batting - Pitching for Houston (GCL) Astros : RHP Cory Monroe
Batting: LHB Jim Unknown 0-0: Ball
1-0: Foul Ball, location: 7LDF
1-1: Swinging Strike
1-2: Ball
2-2: Ball
3-2: Fly out, F8 (Flyball, 8RD, EV 81.9 MPH)
Batting: LHB David Lowe 0-0: Fly out, F6 (Popup, 6, EV 73.8 MPH)
Batting: RHB Kyle Shannon 0-0: SINGLE (Groundball, 34D, EV 94.4 MPH)
Batting: RHB Joe Slayback 0-0: Foul Ball, location: 23F
0-1: Called Strike
0-2: Foul Ball, location: 9LSF
0-2: Fielders Choice at 2nd, 6-4 (Groundball, 6, EV 86.3 MPH)
Top of the 5th over - 0 runs, 1 hit, 0 errors, 1 left on base; Tampa Bay (GCL) 0 - Houston (GCL) 3
BOTTOM OF THE 5TH
Houston (GCL) Astros batting - Pitching for Tampa Bay (GCL) Rays : RHP Karsten van Luttikhuizen
Batting: RHB Alex Castillo 0-0: Foul Ball, location: 2F
0-1: Ball
1-1: Ball
2-1: Ball
3-1: Called Strike
3-2: Strikes out swinging
Batting: RHB Casey Payton 0-0: Ball
1-0: Ball
2-0: Called Strike
2-1: Foul Ball, location: 23F
2-2: Ball
3-2: Base on Balls
Batting: RHB Alvin Wolff 0-0: Called Strike
0-1: Foul Ball, location: 3DF
0-2: Ball
1-2: Strikes out looking
Batting: LHB Caleb Crowley 0-0: Ball
1-0: Called Strike
1-1: Ball
2-1: Swinging Strike
2-2: Ball
3-2: Base on Balls
Casey Payton to second
Batting: RHB Jeff Lawther 0-0: Called Strike
0-1: Fly out, F6 (Popup, 6M, EV 73.1 MPH)
Bottom of the 5th over - 0 runs, 0 hits, 0 errors, 2 left on base; Tampa Bay (GCL) 0 - Houston (GCL) 3
TOP OF THE 6TH
Tampa Bay (GCL) Rays batting - Pitching for Houston (GCL) Astros : RHP Cory Monroe
Batting: RHB Manny Ortiz 0-0: Called Strike
0-1: SINGLE (Groundball, 56D, EV 103.1 MPH)
Batting: LHB Juan Huerta 0-0: Grounds into double play, 5-4-3 (Groundball, 56, EV 101.3 MPH)
Batting: RHB Mike McBride 0-0: Ball
1-0: Ground out 4-3 (Groundball, 4, EV 109.4 MPH)
Top of the 6th over - 0 runs, 1 hit, 0 errors, 0 left on base; Tampa Bay (GCL) 0 - Houston (GCL) 3
BOTTOM OF THE 6TH
Houston (GCL) Astros batting - Pitching for Tampa Bay (GCL) Rays : RHP Karsten van Luttikhuizen
Batting: RHB Jeremiah Watson 0-0: Ball
1-0: SINGLE (Groundball, 5D, EV 95.6 MPH)
Pitching: RHP John Grady
Batting: SHB Elijah Campbell 0-0: Foul Ball, location: 5FF
0-1: Foul Ball, location: 3FF
0-2: SINGLE (Groundball, 56D, EV 94.4 MPH)
Jeremiah Watson to second
Batting: RHB Noe Cosme 0-0: Ball
1-0: Ball
2-0: TRIPLE (Line Drive, 89XD, EV 105.6 MPH)
Jeremiah Watson scores
Elijah Campbell scores
Batting: LHB Brandon Davis 0-0: Ball
1-0: Ball
2-0: Fly out, F4 (Line Drive, 4, EV 71.3 MPH)
Pinch Hitting: RHB Francisco Avila 0-0: Ball
1-0: Ball
2-0: Ball
3-0: Base on Balls
Batting: RHB Casey Payton 0-0: Called Strike
0-1: Ball
1-1: Ball
2-1: Fielders Choice at 2nd, 5-4 (Groundball, 56, EV 88.1 MPH)
Noe Cosme scores
Batting: RHB Alvin Wolff 0-0: Ball
1-0: Called Strike
Casey Payton steals 2nd base
1-1: Swinging Strike
1-2: Strikes out looking
Bottom of the 6th over - 3 runs, 3 hits, 0 errors, 1 left on base; Tampa Bay (GCL) 0 - Houston (GCL) 6
TOP OF THE 7TH
Tampa Bay (GCL) Rays batting - Pitching for Houston (GCL) Astros : RHP Cory Monroe
Now at 3B: Francisco Avila
Batting: RHB Josh Kroeger 0-0: Called Strike
0-1: Ball
1-1: Ball
2-1: SINGLE (Groundball, 6MS, EV 60.6 MPH) (infield hit)
Batting: LHB Alfredo Cantavalle 0-0: Ball
1-0: Fly out, F8 (Line Drive, 8RM, EV 86.3 MPH)
Batting: LHB Jim Unknown 0-0: Ball
1-0: Called Strike
1-1: Ball
2-1: Called Strike
2-2: Strikes out swinging
Batting: LHB David Lowe 0-0: Ball
1-0: Fly out, F9 (Flyball, 9, EV 90.0 MPH)
Top of the 7th over - 0 runs, 1 hit, 0 errors, 1 left on base; Tampa Bay (GCL) 0 - Houston (GCL) 6
BOTTOM OF THE 7TH
Houston (GCL) Astros batting - Pitching for Tampa Bay (GCL) Rays : RHP John Grady
Batting: LHB Caleb Crowley 0-0: Ball
1-0: Ball
2-0: Ball
3-0: Base on Balls
Batting: RHB Jeff Lawther 0-0: Foul Ball, location: 23F
0-1: Ball
1-1: Ball
2-1: SINGLE (Groundball, 6MS, EV 63.8 MPH) (infield hit)
Caleb Crowley to second
Batting: RHB Jeremiah Watson 0-0: Called Strike
0-1: Called Strike
0-2: Strikes out swinging
Batting: SHB Elijah Campbell 0-0: Called Strike
0-1: Ball
1-1: Ball
2-1: Grounds into double play, 3-6-3 (Groundball, 34, EV 88.1 MPH)
Bottom of the 7th over - 0 runs, 1 hit, 0 errors, 1 left on base; Tampa Bay (GCL) 0 - Houston (GCL) 6
TOP OF THE 8TH
Tampa Bay (GCL) Rays batting - Pitching for Houston (GCL) Astros : RHP Cory Monroe
Batting: RHB Kyle Shannon 0-0: Swinging Strike
0-1: Foul Ball, location: 2F
0-2: Ball
1-2: Strikes out swinging
Batting: RHB Joe Slayback 0-0: Ball
1-0: Ball
2-0: SINGLE (Line Drive, 6MD, EV 93.8 MPH)
Batting: RHB Manny Ortiz 0-0: SINGLE (Groundball, 4MD, EV 110.6 MPH)
Joe Slayback to second
Batting: LHB Juan Huerta 0-0: Swinging Strike
0-1: Called Strike
0-2: Strikes out swinging
Pitching: RHP Travis Shindle
Pinch Hitting: LHB Chad Donaldson 0-0: Called Strike
0-1: Called Strike
0-2: SINGLE (Groundball, 6MD, EV 95.6 MPH)
Joe Slayback to third
Manny Ortiz to second
Runner from 3rd tries for Home, SAFE, throw by CF to home
Pinch Hitting: RHB Tris Reich 0-0: Called Strike
0-1: Ball
1-1: Called Strike
1-2: Ball
2-2: Foul Ball, location: 23FF
2-2: Ball
3-2: DOUBLE (Line Drive, 89D, EV 109.4 MPH)
Manny Ortiz scores
Chad Donaldson to third
Chad Donaldson scores
Batting: LHB Alfredo Cantavalle 0-0: Ball
1-0: Ground out U3 (Groundball, 34, EV 86.9 MPH)
Top of the 8th over - 3 runs, 4 hits, 0 errors, 1 left on base; Tampa Bay (GCL) 3 - Houston (GCL) 6
BOTTOM OF THE 8TH
Houston (GCL) Astros batting - Pitching for Tampa Bay (GCL) Rays : RHP John Grady
Pitching: RHP Franklin Medina
Now at 2B: Dave Jones
Now at 3B: Tris Reich
Batting: RHB Noe Cosme 0-0: SINGLE (Line Drive, 89S, EV 95.6 MPH)
Batting: LHB Brandon Davis 0-0: Ball
1-0: Ball
2-0: Fly out, F8 (Line Drive, 8LM, EV 103.1 MPH)
Batting: RHB Francisco Avila 0-0: Called Strike
0-1: Foul Ball, location: 2F
0-2: Ball
1-2: Strikes out swinging
Batting: RHB Casey Payton 0-0: Ball
1-0: Ground out U3 (Groundball, 3S, EV 71.9 MPH)
Bottom of the 8th over - 0 runs, 1 hit, 0 errors, 1 left on base; Tampa Bay (GCL) 3 - Houston (GCL) 6
TOP OF THE 9TH
Tampa Bay (GCL) Rays batting - Pitching for Houston (GCL) Astros : RHP Travis Shindle
Pinch Hitting: RHB Devon Farmer 0-0: Called Strike
0-1: Ball
1-1: Ball
2-1: Ball
3-1: Base on Balls
Pinch Hitting: RHB Brian Rhodes 0-0: Ball
1-0: Ball
2-0: Called Strike
2-1: Ball
3-1: Base on Balls
Devon Farmer to second
Pinch Hitting: LHB Matt Bridgeforth 0-0: Ball
1-0: Called Strike
1-1: Ball
2-1: Swinging Strike
2-2: Foul Ball, location: 23FF
2-2: Ball
3-2: Base on Balls
Devon Farmer to third
Brian Rhodes to second
Pitching: RHP Austin Russell
Pinch Hitting: LHB Robbie Martel 0-0: Ball
1-0: Fly out, F7 (Flyball, 7D, EV 103.1 MPH)
Runner from 3rd tags up, SCORES, no throw by LF
Pinch Hitting: LHB Steve Ball 0-0: Called Strike
0-1: Ball
1-1: Ball
2-1: Foul Ball, location: 2F
2-2: Strikes out swinging
Batting: RHB Paul Milman 0-0: Called Strike
0-1: Foul Ball, location: 23F
0-2: Ball
1-2: Foul Ball, location: 3SF
1-2: Ball
2-2: Fly out, F8 (Flyball, 8LD, EV 102.5 MPH)
Top of the 9th over - 1 run, 0 hits, 0 errors, 2 left on base; Tampa Bay (GCL) 4 - Houston (GCL) 6
Wednesday, May 15th , 2024 - OOTP Baseball 24.11 Build 85